[Event "Fast Chess"]
[Site "ChessKid.com"]
[Date "2020.04.24"]
[Round "1"]
[White "Hlinka, Patricia"]
[Black "Rosenkranz, Benjamin"]
[Result "0-1"]
[ECO "A00"]
[WhiteElo "975"]
[BlackElo "1146"]
[PlyCount "61"]
[EventDate "2020.??.??"]
[TimeControl "600"]
[WhiteClock "0:06:22"]
[BlackClock "0:05:25"]

1. Na3 e5 2. Nh3 Nc6 3. e4 d6 4. d3 Nf6 5. Ng1 Bg4 6. f3 Bd7 7. c4 Qe7 8. h4 O-O-O 9. Be2 Be6 10. Bd2 Nh5 11. Nb1 Ng3 12. Rh2 Nxe2 13.
Kxe2 b6 14. Ke1 Rd7 15. Ne2 Qd8 16. Rh1 Be7 17. h5 Bh4+ 18.
Kf1 Bf6 19. g3 Qe7 20. Ke1 Bg5 21. Bxg5 Qxg5 22. Rg1 Qxh5 23. Kf1 Qxf3+ 24. Ke1 Qe3 25. Rf1 Nb4 26. a3 Nc6 27. Rh1 Bg4 28. Nbc3 Bf3 29. Nb5 Bxh1 30. Nxa7+ Nxa7 31. g4 {[%emt 0:00:15]
FineBeamingStage won by resignation} 0-1

[Event "Fast Chess"]
[Site "ChessKid.com"]
[Date "2020.04.24"]
[Round "2"]
[White "Rosenkranz, Benjamin"]
[Black "Hlinka, Patrick"]
[Result "1-0"]
[ECO "C23"]
[WhiteElo "1156"]
[BlackElo "1202"]
[PlyCount "111"]
[EventDate "2020.??.??"]
[TimeControl "600"]
[WhiteClock "0:04:13"]
[BlackClock "0:04:54"]

1. e4 e5 2. Nf3 Bc5 3. Bc4 d6 4. d3 Bg4 5. O-O Bxf3 6. Qxf3 f6 7. Bb5+ c6 8. Bc4 d5 9. exd5 cxd5 10. Bxd5 Nc6 11. Bxc6+ bxc6 12. Qxc6+ Ke7 13. Qxc5+ Kf7 14. Nc3 Rc8 15. Qd5+ Qxd5 16. Nxd5 Rxc2 17. Nb4 Rc8 18. Be3 Ra8 19. Nc6 f5 20. Nxa7 f4 21. Bc5 Ne7 22. Nb5 Rhc8 23. Bxe7 Kxe7 24. Nc3 Rab8 25. Rfe1 Kf6 26. Nd5+ Ke6 27. Nc3 Rxb2 28. Na4 Rb4 29. d4 Rxa4 30. dxe5 Rc5 31. g4 fxg3 32. hxg3 h5 33. Kg2 g5 34. Re3 h4 35. gxh4 gxh4 36. a3 Rd5 37. f4 Rc5 38. f5+ Kxf5 39. e6 Rc8 40. e7 Raa8 41. a4 Rd8 42. exd8=Q Rxd8 43. a5 Ra8 44. a6 Kf4 45. Rf3+ Kg4 46. a7 Kh5 47. Ra5+ Kg4 48.
Ra4+ Kh5 49. Rd3 Kg5 50. Rd5+ Kh6 51. Ra6+ Kg7 52. Rd7+ Kf8 53. Rh6 Ke8 54. Rb7 h3+ 55. Kxh3 Kd8 56. Rh8# {
[%emt 0:00:02] FineBeamingStage won by checkmate} 1-0

[Event "Fast Chess"]
[Site "ChessKid.com"]
[Date "2020.04.24"]
[Round "2"]
[White "Stiedl, Dominik"]
[Black "Hlinka, Patricia"]
[Result "1-0"]
[ECO "B00"]
[WhiteElo "1052"]
[BlackElo "969"]
[PlyCount "30"]
[EventDate "2020.??.??"]
[TimeControl "600"]
[WhiteClock "0:07:59"]
[BlackClock "0:09:01"]

1. e4 Nh6 2. Qf3 Nc6 3. Bc4 d5 4. exd5 Nb8 5. d4 Kd7 6.
Bxh6 gxh6 7. Qe3 b6 8. Bb5+ c6 9. dxc6+ Kc7 10. Qe5+ Qd6 11.
Qxh8 Bg4 12. Qxf8 f5 13. h3 Bh5 14. f3 Nxc6 15. Qxa8 Nb8 {[%emt 0:00:06]
MadCuteMatter won by resignation} 1-0

[Event "Fast Chess"]
[Site "ChessKid.com"]
[Date "2020.04.24"]
[Round "3"]
[White "Stiedl, Dominik"]
[Black "Rosenkranz, Benjamin"]
[Result "0-1"]
[ECO "C23"]
[WhiteElo "1047"]
[BlackElo "1162"]
[PlyCount "150"]
[EventDate "2020.??.??"]
[TimeControl "600"]
[WhiteClock "0:02:48"]
[BlackClock "0:04:33"]

1. e4 e5 2. Qf3 Nf6 3. Bc4 Nc6 4. c3 Bc5 5. b4 Be7 6. b5 Nb8 7. g4 O-O 8. g5 Ne8 9. Nh3 Bc5 10. O-O Be7 11. Kh1 Bxg5 12. Nxg5 Qxg5 13. Rg1 Qh6 14. d4 Qf6 15. Qg3 g6 16. dxe5 Qe7 17. Bg5 Qc5 18.
h4 Qxc4 19. Na3 Qxe4+ 20. Qg2 Qxg2+ 21. Rxg2 c6 22. bxc6 Nxc6 23. Bh6 Ng7 24. e6 dxe6 25. c4 Nd4 26. Rd1 Ne2 27. Re1 Nd4 28.
Rd1 Nc6 29. Nb5 a6 30. Nc7 Rb8 31. Nxa6 bxa6 32. Bxg7 Kxg7 33. Rgg1 Bb7 34. a4 Ne5+ 35. f3 Nxf3 36. Rgf1 Ne5+ 37. Kh2 Bc6 38. c5 Rb3 39. Rb1 Rc3 40. Rbc1 Rxc1 41. Rxc1 Nf3+ 42. Kg2 Ne1+ 43. Kf1 Nd3 44. Rc3 Nb2 45. Rb3 Nc4 46. Rc3 Bd5 47. Kf2 f5 48. Ke1 e5 49. Ke2 e4 50. h5 gxh5 51. Kd1 f4 52. Ke1 Rb8 53. Ke2 Rb2+ 54. Kd1 Ne3+ 55. Kc1 Re2 56. Kb1 f3 57. c6 Bxc6 58. Rxc6 f2 59. Rc7+ Kg6 60. Rc6+ Kg5 61. Rc5+ Kf4 62. Rc1 h4 63. a5 h3 64. Rc2 f1=Q+ 65. Kb2 Rxc2+ 66. Kb3 Qc4+ 67. Ka3 Rc1 68. Kb2 Nd1+ 69. Ka3 Ne3 70. Kb2 h2 71. Ka3 h1=Q 72. Kb2 Qh2+ 73. Ka3 Qh6 74. Kb2 Rc2+ 75. Kb1 Qh1# {[%emt 0:00:03] FineBeamingStage won by checkmate} 0-1

[Event "Fast Chess"]
[Site "ChessKid.com"]
[Date "2020.04.24"]
[Round "1"]
[White "Georgiev, Maximilian"]
[Black "Li, Tobias"]
[Result "1-0"]
[ECO "C50"]
[WhiteElo "1472"]
[BlackElo "1338"]
[Annotator "Fesselung"]
[PlyCount "85"]
[EventDate "2020.??.??"]
[TimeControl "600"]
[WhiteClock "0:06:17"]
[BlackClock "0:07:00"]

1. e4 e5 2. Nf3 Nc6 3. Bc4 Bc5 4. O-O Nf6 5. Nc3 O-O 6. h3 h6 7. a3 a6 8. d3 d6 9. Be3 Bxe3 10. fxe3 Re8 11. Nd5 Nxd5 12. Bxd5 Ne7 13. Ba2 Nc6 14. d4 exd4 15. exd4 Rxe4 16. c3 Re8 17. Bb1 Qf6 18. Nh2 Qe7 19. Qd3 Qe3+ 20. Qxe3 Rxe3 21. Bc2 Re2 22. Bb3 Rxb2 23. Bxf7+ Kh8 24. Bg6 Be6 25. Rae1 Bc4 26. Rf2 Rxf2 27. Kxf2 Rf8+ 28. Kg1 Rf6 29. Re8+ Bg8 30. Be4 g5 31. Bd5 Rg6 32. Be4 Rg7 33. Ng4 Rd7 34. Nf6 Rg7 35. Bd5 Ne7 36. Ba2 c5 37. dxc5 dxc5 38. Nh5 Rf7 39. Bxf7 Kh7 40. Nf6+ Kg7 41. Bxg8 Nxg8 42. Nxg8 Kf7 43. Rb8 {[%emt 0:00:03] TallSnazzyBall won by resignation} 1-0

[Event "Fast Chess"]
[Site "ChessKid.com"]
[Date "2020.04.24"]
[Round "2"]
[White "Dai, Lana"]
[Black "Georgiev, Maximilian"]
[Result "0-1"]
[ECO "C55"]
[WhiteElo "1265"]
[BlackElo "1476"]
[Annotator "Mattdrohungen"]
[PlyCount "46"]
[EventDate "2020.??.??"]
[TimeControl "600"]
[WhiteClock "0:08:44"]
[BlackClock "0:08:16"]

1. e4 e5 2. Nf3 Nc6 3. Nc3 Nf6 4. Bc4 h6 5. a3 Bc5 6. h3 O-O 7. O-O Be7 8. d3 d6 9. Nd5 Nxd5 10. Bxd5 a6 11. Bxc6 bxc6 12. d4 exd4 13. Nxd4 d5 14. Nxc6 Qd6 15. exd5 Bb7 16. Nxe7+ Qxe7 17. c4 Rfe8 18. Qd2 Qd7 19. Qd3 c6 20. Qg3 cxd5 21. Bxh6 g6 22. cxd5 Qxd5 23. Qc3 $4 Qxg2# {[%emt 0:00:02] TallSnazzyBall won by
checkmate} 0-1

[Event "Fast Chess"]
[Site "ChessKid.com"]
[Date "2020.04.24"]
[Round "2"]
[White "Li, Tobias"]
[Black "Sasse, Gabriel"]
[Result "1-0"]
[ECO "C50"]
[WhiteElo "1344"]
[BlackElo "1250"]
[PlyCount "115"]
[EventDate "2020.??.??"]
[TimeControl "600"]
[WhiteClock "0:07:04"]
[BlackClock "0:05:31"]

1. e4 e5 2. Nf3 Nc6 3. Bc4 Bc5 4. O-O h6 5. c3 Nf6 6. d4 O-O 7. Be3 exd4 8. Bxd4 Bxd4 9. cxd4 Nxe4 10. Re1 Nf6 11. d5 Na5 12. Bb3 Nxb3 13. Qxb3 Re8 14. Nc3 Rxe1+ 15. Rxe1 d6 16. h3 Ne8 17. Qa4 Bd7 18. Qe4 Nf6 19. Qc4 b5 20. Nxb5 Bxb5 21. Qxb5 Rb8 22. Qa5 Rxb2 23. Qxa7 Nxd5 24. Rd1 Nb4 25. Rc1 Rxa2 26. Qxc7 Qxc7 27. Rxc7 d5 28. Rb7 Nd3 29. Rd7 Rxf2 30. Rxd5 Ra2 31. Rxd3 Ra1+ 32. Kh2 g5 33. Rd8+ Kg7 34. Rd7 Kg6 35. Ne5+ Kg7 36. Rxf7+ Kg8 37. Rb7 Re1 38. Nf3 Ra1 39. h4 gxh4 40. Nxh4 Ra4 41. Nf3 h5 42. Kh3 Kf8 43. Rh7 Kg8 44. Rxh5 Kg7 45. Rb5 Kf6 46. g4 Kg6 47. Kh4 Rc4 48. Ne5+ Kf6 49. Nxc4 Ke6 50. g5 Kf7 51. Rb6 Kg7 52. Ne5 Kh7 53. Kh5 Kg7 54. Rb7+ Kg8 55. Kg6 Kf8 56. Kf6 Kg8 57. g6 Kf8 58. Rb8# {[%emt 0:00:02] OnlyHungryKiwi won by checkmate} 1-0

[Event "Fast Chess"]
[Site "ChessKid.com"]
[Date "2020.04.24"]
[Round "3"]
[White "Sasse, Gabriel"]
[Black "Georgiev, Maximilian"]
[Result "0-1"]
[ECO "C50"]
[WhiteElo "1247"]
[BlackElo "1480"]
[Annotator "Ausschalten Verteidiger"]
[PlyCount "47"]
[EventDate "2020.??.??"]
[TimeControl "600"]
[WhiteClock "0:08:47"]
[BlackClock "0:08:46"]

1. e4 e5 2. Nf3 Nc6 3. Bc4 h6 4. h3 Nf6 5. Nc3 Nxe4 6. Nxe4 d5 7. Bxd5 Qxd5 8. Nc3 Qd8 9. O-O Be7 10. d3 O-O 11. Ne1 Bb4 12. Qf3 Nd4 13.
Qd1 Nc6 14. a3 Bxc3 15. bxc3 e4 16. f3 exd3 17. Nxd3 Bf5 18. Rb1 b6 19. g4 Bh7 20. Nb4 Qxd1 21. Rxd1 Nxb4 $3 22. axb4 Bxc2 23. Rd2 Bxb1 24. Ba3 {
[%emt 0:00:03] TallSnazzyBall won by resignation} 0-1

[Event "Fast Chess"]
[Site "ChessKid.com"]
[Date "2020.04.24"]
[Round "3"]
[White "Dai, Lana"]
[Black "Li, Tobias"]
[Result "0-1"]
[ECO "C50"]
[WhiteElo "1259"]
[BlackElo "1351"]
[Annotator "Abtausch, Figurenverlust"]
[PlyCount "118"]
[EventDate "2020.??.??"]
[TimeControl "600"]
[WhiteClock "0:05:55"]
[BlackClock "0:04:38"]

1. e4 e5 2. Nf3 Nc6 3. Nc3 Nf6 4. Bc4 Bc5 5. h3 h6 6. a3 a6 7. O-O O-O 8. d3 d6 9. b4 Ba7 10. Bd5 Bd4 11. Bxc6 $2 Bxc3 12. Bxb7 Bxb7 13. Ra2 Bd4 14. Nxd4 exd4 15. Qf3 Qe7 16. Re1 Qe6 17. Rb2 Bc6 18. Qg3 Rfe8 19. Bxh6 Nh5 20. Qg5 Qxh6 21. Qxh6 gxh6 22. g4 Nf6 23. Kh2 a5 24. b5 Bd7 25. b6 Rab8 26. Reb1 cxb6 27. Rxb6 Rxb6 28. Rxb6 Ba4 29. Rxd6 Bxc2 30. Rxf6 Bxd3 31.
Rxh6 Bxe4 32. g5 Kg7 33. h4 Re6 34. Rxe6 fxe6 35. f4 Kg6 36.
Kg3 Kf5 37. h5 e5 38. h6 Kg6 39. Kg4 d3 40. fxe5 d2 41. Kf4 d1=Q 42. e6 Qd6+ 43. Kxe4 Qxe6+ 44. Kf4 Qf5+ 45. Ke3 Qxg5+ 46. Kd4 Qxh6 47. Kc4 Qg5 48. Kb3 Qd5+ 49. Kb2 Qb5+ 50. Ka2 Qc4+ 51. Kb2 Qd3 52. Ka2 Qc3 53. a4 Kf5 54. Kb1 Qd2 55. Ka1 Ke4 56. Kb1 Kd4 57. Ka1 Kc4 58. Kb1 Kb3 59. Ka1 Qb2# {[%emt 0:00:03] OnlyHungryKiwi won by checkmate} 0-1

[Event "Fast Chess"]
[Site "ChessKid.com"]
[Date "2020.04.24"]
[Round "1"]
[White "Georgiev, Maximilian"]
[Black "Sasse, Gabriel"]
[Result "1-0"]
[ECO "C50"]
[WhiteElo "1483"]
[BlackElo "1241"]
[PlyCount "24"]
[EventDate "2020.??.??"]
[TimeControl "300+10"]
[WhiteClock "0:04:23"]
[BlackClock "0:04:45"]

1. e4 e5 2. Nf3 Nc6 3. Bc4 Bc5 4. O-O h6 5. Nc3 Nf6 6. h3 Nxe4 7. Nxe4 Bb6 8. Nc3 Nd4 9. Nxe5 Qg5 10. Nxf7 Qg6 11. Nxh8 Qg5 12. d3 Qd8 {[%emt 0:00:
15] TallSnazzyBall won by resignation} 1-0

[Event "Fast Chess"]
[Site "ChessKid.com"]
[Date "2020.04.24"]
[Round "2"]
[White "Sasse, Gabriel"]
[Black "Halimi, Dorian"]
[Result "1-0"]
[ECO "C57"]
[WhiteElo "1247"]
[BlackElo "1128"]
[Annotator "einzügiger Einsteller"]
[PlyCount "21"]
[EventDate "2020.??.??"]
[TimeControl "300+10"]
[WhiteClock "0:04:20"]
[BlackClock "0:04:46"]

1. e4 e5 2. Nf3 Nc6 3. Bc4 Nf6 4. Ng5 d5 5. exd5 Nxd5 6.
Nc3 Qxg5 7. d4 Nxc3 8. bxc3 exd4 9. Bxg5 dxc3 10. Qf3 Na5 11. Qxf7# {[%emt 0:00:12] LimeFarActor won by checkmate} 1-0

[Event "Fast Chess"]
[Site "ChessKid.com"]
[Date "2020.04.24"]
[Round "1"]
[White "Halimi, Dorian"]
[Black "Li, Tobias"]
[Result "0-1"]
[ECO "C20"]
[WhiteElo "1133"]
[BlackElo "1365"]
[Annotator "auf Dauerschach spielen"]
[PlyCount "72"]
[EventDate "2020.??.??"]
[TimeControl "300+10"]
[WhiteClock "0:02:30"]
[BlackClock "0:02:44"]

1. e4 e5 2. Qh5 Nc6 3. Bc4 g6 4. Qf3 Nf6 5. Nh3 Nd4 6. Qd3 Bg7 7. Ng5 O-O 8. Nxf7 Rxf7 9. Bxf7+ Kxf7 10. Qc4+ Kf8 11. Nc3 Nxc2+ 12. Kd1 Nxa1 13. Nd5 c6 14. Nxf6 Qxf6 15. Re1 Qxf2 16. g4 Ke8 17. Qg8+ Ke7 18. Qxg7+ Kd6 19. d4 Qxd4+ 20. Bd2 Qf2 21. Qxh7 Kc7 22. Qxg6 Qxh2 23. g5 d6 24. Qf7+ Kb8 25. g6 Qg3 26. g7 Qg4+ 27. Re2 Be6 28. Qe8+ Kc7 29. Qxa8 Qxg7 30. Qxa7 Qg1+ 31. Be1 Qf1 32. b4 Bg4 33. Qa5+ Kb8 34. Qd8+ Ka7 35. Qxd6 Qxe2+ 36. Kc1 Qc2# {[%emt 0:00:10] OnlyHungryKiwi won by checkmate} 0-1

[Event "Fast Chess"]
[Site "ChessKid.com"]
[Date "2020.04.24"]
[Round "1"]
[White "Horvath, Alexander"]
[Black "Li, Patrick"]
[Result "0-1"]
[ECO "C55"]
[WhiteElo "1311"]
[BlackElo "1102"]
[Annotator "Preussisch richtig spielen; Abzug"]
[PlyCount "20"]
[EventDate "2020.??.??"]
[TimeControl "300+10"]
[WhiteClock "0:04:19"]
[BlackClock "0:04:31"]

1. e4 e5 2. Nf3 Nc6 3. Nc3 Nf6 4. Bc4 Bc5 5. Ng5 d5 6.
exd5 Nxd5 7. d3 $4 (7. Bxd5
Qxg5 8. d4 Qg6 9. dxc5) 7... Nxc3 8. bxc3 Qf6 9. Bxf7+ Ke7 10. Bb3 $4 Qxf2# {[%emt 0:00:13] WideClassyQuiz won by checkmate} 0-1

[Event "Fast Chess"]
[Site "ChessKid.com"]
[Date "2020.04.24"]
[Round "2"]
[White "Li, Patrick"]
[Black "Georgiev, Maximilian"]
[Result "0-1"]
[ECO "C55"]
[WhiteElo "1100"]
[BlackElo "1485"]
[PlyCount "48"]
[EventDate "2020.??.??"]
[TimeControl "300+10"]
[WhiteClock "0:03:52"]
[BlackClock "0:02:56"]

1. e4 e5 2. Nf3 Nc6 3. Nc3 Nf6 4. Bc4 h6 5. O-O Nxe4 6.
Nxe4 d5 7. Bd3 dxe4 8. Bxe4 Be7 9. Bxc6+ bxc6 10. Qe1 O-O 11. Nxe5 Qd6 12. Nc4 Qd7 13. Ne5 Qd5 14. c4 Qc5 15. Qe2 Bf6 16. Nd3 Qe7 17. Qd1 Ba6 18. Rb1 Bxc4 19. Nf4 Bxf1 20. Kxf1 Qe4 21. Ra1 Qxf4 22. d3 Qxh2 23. g3 Rfe8 24. Bf4 Qh1# {[%emt 0:00:13] TallSnazzyBall won by checkmate} 0-1

[Event "Fast Chess"]
[Site "ChessKid.com"]
[Date "2020.04.24"]
[Round "2"]
[White "Li, Tobias"]
[Black "Horvath, Alexander"]
[Result "1-0"]
[ECO "C55"]
[WhiteElo "1372"]
[BlackElo "1303"]
[Annotator "Springergabel auf K+D"]
[PlyCount "49"]
[EventDate "2020.??.??"]
[TimeControl "300+10"]
[WhiteClock "0:03:42"]
[BlackClock "0:03:51"]

1. e4 e5 2. Nf3 Nf6 3. Nc3 Nc6 4. Bc4 Bc5 5. O-O Ng4 6. h3 Bxf2+ 7. Rxf2 Nxf2 8. Kxf2 Qf6 9. Kg1 Nd4 10. Nxd4 exd4 11. Ne2 d6 12. c3 dxc3 13. Nxc3 Qg6 14. Qf3 O-O 15. Nd5 f5 $2 16. Ne7+ Kh8 17. Nxg6+ hxg6 18. exf5 Rxf5 19. Qg3 g5 20. h4 Rc5 21. b3 Bd7 22. hxg5 Kh7 23. g6+ Kh8 24. Qh4+ Rh5 25. Qxh5# {[%emt 0:00:09] OnlyHungryKiwi won by checkmate}
1-0

[Event "Fast Chess"]
[Site "ChessKid.com"]
[Date "2020.04.24"]
[Round "3"]
[White "Georgiev, Maximilian"]
[Black "Li, Tobias"]
[Result "0-1"]
[ECO "C50"]
[WhiteElo "1475"]
[BlackElo "1383"]
[PlyCount "182"]
[EventDate "2020.??.??"]
[TimeControl "300+10"]
[WhiteClock "0:00:40"]
[BlackClock "0:00:30"]

1. e4 e5 2. Nf3 Nc6 3. Bc4 Bc5 4. O-O Nf6 5. Nc3 O-O 6. d3 d6 7. Bg5 h6 8. Bh4 Bg4 9. h3 Bh5 10. a3 g5 11. Bg3 Nd4 12. b4 Bxf3 13.
gxf3 Bb6 14. Nd5 Nxd5 15. Bxd5 c6 16. Ba2 Qf6 17. Kg2 Rfd8 18.
c3 Nb5 19. c4 Nc7 20. Bb3 c5 21. bxc5 Bxc5 22. a4 Bd4 23. Rb1 Na6 24. Qd2 Nc5 25. Bd1 Rab8 26. Bb3 Nxb3 27. Rxb3 b6 28. Rbb1 Bc5 29. Qc3 Bd4 30. Qd2 a6 31. Rb3 Kg7 32. Ra3 b5 33. cxb5 axb5 34. axb5 Rxb5 35. Ra5 Rbb8 36. Ra2 Bc5 37. Rc1 Ra8 38. Rxa8 Rxa8 39. Qc3 Re8 40. Rf1 Bd4 41. Qd2 Bc5 42. Qd1 Rb8 43. Qd2 Bb4 44. Qe2 Bc5 45. Qd1 Rb2 46. Qc1 Rb8 47. Qc4 Rc8 48. Qa6 Rc7 49. Qa5 Qe7 50. Qd2 Rb7 51. Rc1 Rc7 52. Qe2 Qd7 53. Kh2 d5 54. exd5 Qxd5 55. Kg2 f6 56. Qd1 Bd6 57. Qe2 Rxc1 58. Qd2 Rc7 59. Qb2 Qb7 60. Qxb7 Rxb7 61. d4 Rd7 62. dxe5 Bxe5 63. Bxe5 fxe5 64. Kf1 Kf6 65. Ke2 Kf5 66. Ke3 Rd8 67. Ke2 h5 68. Ke3 g4 69. fxg4+ hxg4 70. hxg4+ Kxg4 71. f3+ Kf5 72. Kf2 Re8 73. Ke3 e4 74. fxe4+ Rxe4+ 75. Kf2 Kf4 76. Kf1 Ra4 77. Ke2 Ra3 78. Kd2 Rh3 79. Kc2 Ke4 80.
Kd2 Rg3 81. Kc2 Kd4 82. Kb2 Kc4 83. Ka2 Kb4 84. Kb2 Rg2+ 85.
Kc1 Kc3 86. Kd1 Ra2 87. Ke1 Kd3 88. Kf1 Ke3 89. Kg1 Kf3 90.
Kh1 Kg3 91. Kg1 Ra1# {
[%emt 0:00:10] OnlyHungryKiwi won by checkmate} 0-1

[Event "Fast Chess"]
[Site "ChessKid.com"]
[Date "2020.04.24"]
[Round "3"]
[White "Li, Patrick"]
[Black "Sasse, Gabriel"]
[Result "0-1"]
[ECO "C46"]
[WhiteElo "1095"]
[BlackElo "1252"]
[PlyCount "60"]
[EventDate "2020.??.??"]
[TimeControl "300+10"]
[WhiteClock "0:03:12"]
[BlackClock "0:00:59"]

1. e4 e5 2. Nf3 Nc6 3. Nc3 Bc5 4. Nxe5 h6 5. Bc4 $4 Nxe5 $1 6. d4 Bb6 $4 7. dxe5 Qh4 8. Qf3 d6 9. Qxf7+ Kd8 10. O-O Nf6 11.
Qxg7 Rg8 12. Bxg8 Nxg8 13. Qxg8+ Kd7 14. g3 Qe7 15. Bxh6 Ba5 16. Bg5 Qxe5 17. Qf7+ Kc6 18. Bf4 Qd4 19. Be3 Qh8 20. Rfd1 Bh3 21. Bd4 Qh6 22. Be3 Qh8 23. Qd5+ Kd7 24. Qxa5 Qf8 25. Nb5 Qf3 26. Qxc7+ Ke6 27. Qc4+ Kf6 28. Qc3+ Kf7 29. Qc4+ Kg6 30. Qe6+ Bxe6 {[%emt 0:
00:12] LimeFarActor won by resignation} 0-1

[Event "Fast Chess"]
[Site "ChessKid.com"]
[Date "2020.04.24"]
[Round "3"]
[White "Horvath, Alexander"]
[Black "Halimi, Dorian"]
[Result "1-0"]
[ECO "B01"]
[WhiteElo "1309"]
[BlackElo "1124"]
[PlyCount "61"]
[EventDate "2020.??.??"]
[TimeControl "300+10"]
[WhiteClock "0:02:55"]
[BlackClock "0:02:41"]

1. e4 d5 2. exd5 Qxd5 3. Nc3 Qe5+ 4. Be2 Bg4 5. d4 Qh5 6.
Bxg4 Qg6 7. Nf3 Qc6 8. Ne5 Qxg2 9. Rf1 Qxh2 10. Nd5 a5 11.
Nxc7+ Kd8 12. Nxa8 f6 13. Nf7+ Ke8 14. Nxh8 g6 15. Nc7+ Qxc7 16. Be3 f5 17. Bf3 h5 18. Qe2 h4 19. O-O-O h3 20. Nxg6 h2 21. Nxf8 Kxf8 22. Qd2 e5 23. dxe5 Qxe5 24. Qd8+ Kf7 25. Bh5+ Kg7 26. Bd4 Qxd4 27. Rxd4 Kh6 28. Qxb8 Kxh5 29. Qxg8 b6 30. Rd7 Kh4 31. Rh7# {[%emt 0:00:12] KeenOrangeTeeth won by checkmate} 1-0

[Event "Fast Chess"]
[Site "ChessKid.com"]
[Date "2020.04.26"]
[Round "1"]
[White "Georgiev, Maximilian"]
[Black "Horvath, Alexander"]
[Result "0-1"]
[ECO "C42"]
[WhiteElo "1423"]
[BlackElo "1323"]
[Annotator "Abtauschkombi mit Fesselung"]
[PlyCount "104"]
[EventDate "2020.??.??"]
[TimeControl "300+10"]
[WhiteClock "0:01:40"]
[BlackClock "0:02:48"]

1. e4 e5 2. Nf3 Nf6 3. Nxe5 d6 4. Nf3 Nxe4 5. Qe2 Qe7 6.
d3 Nf6 7. Qxe7+ Bxe7 8. Be2 O-O 9. O-O Nc6 10. Nc3 b6 11.
Bg5 Bb7 12. a3 Ne5 13. Nxe5 dxe5 14. b4 c5 15. bxc5 bxc5 16. Rfe1 Rae8 17. Bd1 Bd8 18. Nb5 a6 19. Nd6 Re7 20. Nxb7 Rxb7 21. Rxe5 h6 22. Bxf6 $2 Bxf6 $1 23. Rxc5 Bxa1 24. Ra5 Rb1 25. h3 Rxd1+ 26. Kh2 Be5+ 27. Rxe5 Ra1 28. Ra5 Rc8 29. Rxa6 Rxc2 30. Ra8+ Kh7 31. d4 Raa2 32. Kg3 Rxf2 33. Kg4 Rxg2+ 34. Kf3 Raf2+ 35. Ke3 Rf6 36. Ke4 Re2+ 37. Kd5 Rh2 38. Kc5 Rxh3 39. d5 g5 40. d6 Rc3+ 41. Kd4 Rh3 42. d7 Rd6+ 43. Ke5 Rxd7 44. a4 Rdd3 45. Rb8 Rhe3+ 46. Kf5 Ra3 47. Rb4 Reb3 48. Rc4 Rb2 49. Rc7 Kg7 50. Rc6 Rxa4 51. Rc3 Rb5+ 52. Rc5 Rxc5# {[%emt 0:00:11] KeenOrangeTeeth won by checkmate} 0-1

[Event "Fast Chess"]
[Site "ChessKid.com"]
[Date "2020.04.26"]
[Round "1"]
[White "Dai, Lana"]
[Black "Li, Tobias"]
[Result "0-1"]
[ECO "C47"]
[WhiteElo "1258"]
[BlackElo "1364"]
[Annotator "Fesselung, typisches Matt in 2"]
[PlyCount "50"]
[EventDate "2020.??.??"]
[TimeControl "300+10"]
[WhiteClock "0:02:58"]
[BlackClock "0:02:52"]

1. e4 e5 2. Nf3 Nc6 3. Nc3 Nf6 4. a3 Bc5 5. h3 a6 6. b4 Bb6 7. Bc4 O-O 8. O-O h6 9. d3 d6 10. Nd5 Nxd5 11. exd5 Nd4 12. Nxd4 Bxd4 13. Ra2 Qf6 14. Qd2 Qg6 15. Kh1 Re8 16. c3 Bb6 17. a4 Ba7 18. b5 axb5 19. Bxb5 Bb6 20. Bxe8 Bf5 21. Bb5 e4 22. dxe4 Bxe4 23. Rg1 Qf5 24. Rf1 $4 Qxh3+ $3 25. Kg1 Qxg2# {[%emt 0:00:11]
OnlyHungryKiwi won by checkmate} 0-1

[Event "Fast Chess"]
[Site "ChessKid.com"]
[Date "2020.04.26"]
[Round "2"]
[White "Li, Tobias"]
[Black "Horvath, Alexander"]
[Result "1/2-1/2"]
[ECO "C42"]
[WhiteElo "1363"]
[BlackElo "1324"]
[Annotator "Matt in 1"]
[PlyCount "132"]
[EventDate "2020.??.??"]
[TimeControl "300+10"]
[WhiteClock "0:00:18"]
[BlackClock "0:00:53"]

1. e4 e5 2. Nf3 Nf6 3. Nxe5 d6 4. Nf3 Nxe4 5. d3 Nf6 6.
Nc3 Qe7+ 7. Qe2 Nc6 8. h3 Bd7 9. Bg5 O-O-O 10. Qxe7 Bxe7 11.
O-O-O h6 12. Bh4 g5 13. Bg3 Nh5 14. Bh2 f6 15. g4 Nf4 16.
Bxf4 gxf4 17. Re1 Rde8 18. d4 h5 19. Bb5 hxg4 20. hxg4 Rxh1 21. Rxh1 Bxg4 22. Nd2 a6 23. Bc4 Nxd4 24. Rh4 Bd7 25. Rxf4 Nc6 26. Re4 f5 27. Re1 Kb8 28. Bf7 Rf8 29. Rxe7 Nxe7 30. Bb3 Bb5 31. Nxb5 axb5 32. Nf3 Rh8 33. Nd4 c5 34. Nxb5 f4 35. Nxd6 Rh1+ 36. Kd2 Rh8 37. Ne4 f3 38. Nxc5 Rh2 39. Ke3 Rh3 40. c4 Nf5+ 41. Kf4 Nd4 42. Nd7+ Kc7 43. Ne5 Nxb3 44. axb3 Rh8 45. Nxf3 Rf8+ 46. Ke3 Re8+ 47. Kd3 Rd8+ 48. Kc3 Rh8 49. Nd2 Rh3+ 50. Kb4 Rh2 51. Ne4 b5 52. Kxb5 Rh5+ 53. Kb4 Re5 54. Nc3 Rf5 55. Nd1 Rh5 56. Ka3 Rh1 57. Nc3 Rf1 58. Ne4 Re1 59. Nc3 Kb6 60. Nd5+ Ka5 61. Nc3 $4 Rf1 62. b4+ Ka6 63. Ne4 Re1 64. Nc3 Rf1 65. Ne4 Re1 66. Nc3 Rf1 {[%emt 0:00:10] Game drawn by repetition}
1/2-1/2

[Event "Fast Chess"]
[Site "ChessKid.com"]
[Date "2020.04.26"]
[Round "2"]
[White "Li, Patrick"]
[Black "Georgiev, Maximilian"]
[Result "0-1"]
[ECO "C55"]
[WhiteElo "1098"]
[BlackElo "1425"]
[Annotator "Fesselung"]
[PlyCount "78"]
[EventDate "2020.??.??"]
[TimeControl "300+10"]
[WhiteClock "0:02:06"]
[BlackClock "0:00:32"]

1. e4 e5 2. Nf3 Nc6 3. Nc3 Nf6 4. Bc4 Be7 5. Ng5 O-O 6.
Nxf7 Rxf7 7. Bxf7+ Kxf7 8. O-O d6 9. h3 Kg8 10. Qe2 d5 11. exd5 Nxd5 12. Qc4 Be6 13. Nxd5 Bxd5 14. Qg4 Kh8 15. d3 Bc5 16. Re1 a6 17. Bg5 Qf8 18. Rf1 h6 19. Bh4 Be7 20. Bxe7 Qxe7 21. Rfe1 Qf7 22. Rf1 Bxa2 23. Qa4 Be6 24. Rfe1 b5 25. Qh4 Nd4 26. Rac1 Qg6 27. Qe7 Nf3+ $1 28. Kf1 Nxe1 29. Rxe1 Bd5 30. g3 Qh5 31. h4 Qf3 32. c3 Qg2+ 33. Ke2 Rc8 34. Kd1 Qxf2 35. Rxe5 Bf3+ 36. Kc1 Qxg3 37. Qd7 Qxe5 38. Qxc8+ Kh7 39. Qxc7 Qxc7 {[%emt 0:00:12] TallSnazzyBall won by resignation} 0-1

[Event "Fast Chess"]
[Site "ChessKid.com"]
[Date "2020.04.26"]
[Round "3"]
[White "Li, Patrick"]
[Black "Li, Tobias"]
[Result "0-1"]
[ECO "C55"]
[WhiteElo "1095"]
[BlackElo "1366"]
[PlyCount "120"]
[EventDate "2020.??.??"]
[TimeControl "300+10"]
[WhiteClock "0:02:17"]
[BlackClock "0:01:08"]

1. e4 e5 2. Nf3 Nc6 3. Nc3 Nf6 4. Bc4 Bc5 5. Ng5 O-O 6.
Nxf7 Rxf7 7. Bxf7+ Kxf7 8. h3 d6 9. d3 Kg8 10. O-O Nd4 11. Be3 a6 12. Bg5 h6 13. Bxf6 Qxf6 14. Nd5 Qf7 15. c3 c6 16. cxd4 cxd5 17. dxc5 dxe4 18. dxe4 dxc5 19. Qd8+ Qf8 20. Qd5+ Qf7 21.
Qxc5 Be6 22. b3 Qg6 23. Qxe5 Bxh3 24. Qd5+ Kh7 25. g3 Bxf1 26. Kxf1 Re8 27. Re1 Qc6 28. Qf5+ Kh8 29. Qg4 Qb5+ 30. Kg1 Qa5 31. Re3 Qxa2 32. e5 Qa5 33. e6 Qc7 34. e7 Rxe7 35. Rxe7 Qxe7 36. Qc4 Qe1+ 37. Kg2 Qe8 38. Qc7 Qc6+ 39. Qxc6 bxc6 40. Kf3 Kg8 41. Ke3 Kf7 42. Kd3 Ke6 43. Kc3 Kd6 44. Kb4 Kc7 45. Ka4 Kb7 46. b4 Kb6 47. b5 cxb5+ 48. Kb4 a5+ 49. Kb3 a4+ 50. Kb4 g5 51. f3 h5 52. g4 h4 53. f4 gxf4 54. g5 h3 55. g6 h2 56. g7 h1=Q 57. g8=Q Qe1+ 58. Ka3 Qc3+ 59. Ka2 Qb3+ 60. Ka1 Qxg8 {[%emt 0:00:11]
OnlyHungryKiwi won by resignation} 0-1